 Dungeon Crawl Stone Soup version 0.26-a0-451-gacbe401039 (webtiles) character file.

Game seed: 1861234330616343270

942 KristoblXynda the Ducker (level 7, -1/54 HPs)
             Began as a Spriggan Berserker on July 27, 2020.
             Was an Elder of Trog.
             Killed from afar by an orc wizard (5 damage)
             ... with a magic dart
             ... on level 5 of the Dungeon.
             The game lasted 00:09:39 (5919 turns).

KristoblXynda the Ducker (Spriggan Berserker)       Turns: 5919, Time: 00:09:41

Health: -1/54      AC:  2    Str: 13    XL:     7   Next: 88%
Magic:  8/8        EV: 23    Int: 10    God:    Trog [****..]
Gold:   128        SH:  0    Dex: 16    Spells: 6/6 levels left

rFire    . . .     SeeInvis +   i - +2 dagger (chaos)
rCold    . . .     Faith    .   (shield restricted)
rNeg     . . .     Spirit   .   b - +0 animal skin
rPois    .         Reflect  .   (helmet restricted)
rElec    .         Harm     .   g - scarf {+Inv}
rCorr    .                      (gloves unavailable)
MR       +....                  (boots unavailable)
Stlth    ..........             f - amulet of regeneration
HPRegen  0.58/turn              (no ring)
MPRegen  0.11/turn              n - ring of wizardry

@: berserking (expiring), very quick
A: very small, unfitting armour, see invisible, speed 3
a: Berserk, Trog's Hand, Brothers in Arms, Renounce Religion, Evoke Invisibility


You were on level 5 of the Dungeon.
You worshipped Trog.
Trog was greatly pleased with you.
You visited 1 branch of the dungeon, and saw 5 of its levels.

You collected 128 gold pieces.

Inventory:

Hand Weapons
 i - a +2 dagger of chaos (weapon)
Armour
 b - a +0 animal skin (worn)
 g - a scarf of invisibility (worn)
Jewellery
 f - an amulet of regeneration (around neck)
 l - an uncursed ring of ice
 n - a ring of wizardry (right hand)
Wands
 a - a wand of acid (11)
Scrolls
 d - 5 scrolls of remove curse
 j - 4 scrolls of enchant armour
Potions
 c - a potion of curing {unknown}
 e - a potion of mutation
 h - a potion of might
 k - 2 potions of stabbing


   Skills:
 - Level 3.0 Fighting
 + Level 5.9 Short Blades
 + Level 7.8 Dodging
 + Level 6.9 Stealth
 + Level 4.8 Evocations


You had 6 spell levels left.
You didn't know any spells.
Your spell library was empty.

Dungeon Overview and Level Annotations

Branches:
Dungeon (5/15)
 Temple: D:4-7

Altars:
Fedhas
Makhleb
Okawaru
Wu Jian
Xom
Yredelemnul
The Shining One

Annotations:
D:5 3 runed translucent doors, Essalna's ghost, amateur PaFi


Innate Abilities, Weirdness & Mutations

You are very small and have problems with some larger weapons.
You are too small for most types of armour.
You have supernaturally acute eyesight. (SInv)
You cover ground extremely quickly.


Message History

You barely miss the orc priest. The orc priest completely misses you.
You puncture the orc priest!
The orc priest is severely wounded.
The orc wizard closely misses you.
The orc wizard gestures at you while chanting.
The magic dart hits you!
* * * LOW HITPOINT WARNING * * *
You completely miss the orc wizard.
The orc wizard is almost dead.
The orc priest invokes the aid of Beogh against you.
Pain shoots through your body!
* * * LOW HITPOINT WARNING * * *
You hit the orc priest. You freeze the orc priest.
You kill the orc priest!
Trog accepts your kill.
The orc wizard gestures wildly while chanting.
The orc wizard blinks!
The orc wizard gestures at you while chanting.
The magic dart hits you.
You die...

.# #####.### #..<....#
.... ##.....$.# .....
####+#.$......# .....
#......o......###.....
#.....................
#...)@ยง)..............
#..o..###.............
#......+.........####..
#......###.#####.####..
#......#...............
#######......###.#.....
#......# #.#....#
#......###.......
.......#(........


You could see 2 orc wizards.

Vanquished Creatures
  A sky beast (D:5)
  A phantom (D:4)
  3 wights (D:4)
  3 crimson imps (D:3)
  3 iron imps (D:4)
  2 orc priests
  A hound (D:4)
  6 orc wizards (D:4)
  A gnoll (D:3)
  5 adders
  A shadow imp (D:5)
  A white imp (D:5)
  2 adder skeletons (D:4)
  4 dart slugs
  4 leopard geckos
  13 orcs
  2 ball pythons
  8 bats
  7 giant cockroaches
  5 goblins
  10 hobgoblins
  11 jackals
  11 frilled lizards
  A goblin skeleton (D:5)
  4 hobgoblin zombies (D:5)
  7 kobolds
  2 kobold skeletons (D:5)
  An orc skeleton (D:5)
  8 rats
128 creatures vanquished.

Notes
Turn   | Place    | Note
-------+----------+-------------------------------------------
     0 | D:1      | KristoblXynda the Spriggan Berserker began the quest for
                  | the Orb.
     0 | D:1      | Reached XP level 1. HP: 11/11 MP: 2/2
   284 | D:1      | Reached skill level 1 in Stealth
   458 | D:1      | Reached XP level 2. HP: 13/16 MP: 3/3
  1302 | D:2      | Reached XP level 3. HP: 17/19 MP: 4/4
  1316 | D:2      | Reached ** piety under Trog
  1952 | D:2      | Reached skill level 5 in Dodging
  2185 | D:2      | Found a basalt altar of Yredelemnul.
  2737 | D:3      | Reached XP level 4. HP: 23/23 MP: 5/5
  2769 | D:3      | Found a shimmering altar of Xom.
  3177 | D:3      | Reached XP level 5. HP: 28/28 MP: 6/6
  3257 | D:3      | Reached skill level 1 in Evocations
  3821 | D:3      | Found an iron altar of Okawaru.
  3830 | D:3      | Reached skill level 6 in Dodging
  4299 | D:4      | Found a burning altar of Makhleb.
  4333 | D:4      | Reached *** piety under Trog
  4335 | D:4      | Reached XP level 6. HP: 32/32 MP: 7/7
  4445 | D:4      | Reached skill level 5 in Short Blades
  4445 | D:4      | Reached skill level 5 in Stealth
  4994 | D:4      | Reached XP level 7. HP: 23/36 MP: 8/8
  5004 | D:4      | Reached skill level 7 in Dodging
  5529 | D:4      | Found an ornate altar of the Wu Jian Council.
  5640 | D:5      | Entered Level 5 of the Dungeon
  5640 | D:5      | Found a runed translucent gate.
  5640 | D:5      | Found a runed translucent gate.
  5640 | D:5      | Found a runed translucent gate.
  5643 | D:5      | Noticed Essalna's ghost (amateur PaFi)
  5692 | D:5      | Found a glowing golden altar of the Shining One.
  5703 | D:5      | Reached **** piety under Trog
  5809 | D:5      | Found a blossoming altar of Fedhas.
  5919 | D:5      | Killed from afar by an orc wizard

Illustrated notes

Levels and vault maps discovered:
D:1:      lightli_arrival_flooded_house, layout_basic, minmay_indecisive_spiral
D:2:      layout_basic, yredelemnul_altar_generic
D:3:      layout_loops_ring, okawaru_altar_gauntlet_db, serial_bayou_pond_b,
          led_xom_imps
D:4:      layout_rooms, demons_altar, kennysheep_little_box
D:5:      layout_basic, nicolae_tso_besieged_by_evil, minmay_temple_entry_tees,
          serial_shops, shop, gammafunk_ghost_split, fedhas_altar_1

Skill      XL: |  1  2  3  4  5  6  7 |
---------------+----------------------+-----
Stealth        | 1 2 3 4 5 6 |  6.9
Dodging        | 5 6 7 |  7.8
Fighting       | 3 |  3.0
Short Blades   | 4 5 |  5.9
Evocations     | 2 3 4 |  4.8

Action                   |  1- 3 |  4- 6 |  7- 9 || total
-------------------------+-------+-------+-------++-------
Melee: Short sword       |   202 |    95 |       ||   297
       Dagger            |       |   135 |   150 ||   285
Invok: Berserk           |     1 |     8 |     3 ||    12
  Use: Scroll            |       |     8 |       ||     8
 Stab: Sleeping          |     5 |     7 |     1 ||    13
       Petrifying        |       |       |     1 ||     1
       Paralysed         |       |       |     1 ||     1
Armor: Animal skin       |    16 |    11 |     7 ||    34
Dodge: Dodged            |   191 |   197 |   107 ||   495

Table legend: (Time is in decaauts)
 A = Elapsed time spent in this place.
 B = Non-inter-level travel time spent in this place.
 C = Inter-level travel time spent in this place.
 D = Time resting spent in this place.
 E = Time spent auto-exploring this place.
 F = Levels seen in this place.
 G = Mean time per level.
                   A        B        C        D        E       F      G
               +--------+--------+--------+--------+--------+-----+--------+
         Total |   4830 |   4799 |     31 |   2378 |   1317 |   5 |  966.0 |
       Dungeon |   4830 |   4799 |     31 |   2378 |   1317 |   5 |  966.0 |
               +--------+--------+--------+--------+--------+-----+--------+

Top non-repeatable levels by time:
     D:2: 1529 daAuts
     D:4: 1076 daAuts
     D:1: 1035 daAuts
     D:3: 997 daAuts
     D:5: 191 daAuts
